 Dungeon Crawl Stone Soup version 0.22.0-25-g7663229ff0 (webtiles) character file.

10 LLavrengius the Vandal (level 2, -3/18 HPs)
             Began as a Halfling Arcane Marksman on Aug 21, 2018.
             Slain by a gnoll
             ... wielding a +0 whip
              (9 damage)
             ... on level 1 of the Dungeon.
             The game lasted 00:01:05 (241 turns).

LLavrengius the Vandal (Halfling Arcane Marksman)    Turns: 241, Time: 00:01:06

Health: -3/18      AC:  2    Str: 11    XL:     2   Next: 30%
Magic:  3/3        EV: 15    Int: 11    God:
Gold:   43         SH:  0    Dex: 14    Spells: 2/3 levels left

rFire    . . .     SeeInvis .   a - +0 hunting sling
rCold    . . .     Gourm    .   (shield restricted)
rNeg     . . .     Faith    .   e - +0 robe
rPois    .         Spirit   .   (no helmet)
rElec    .         Reflect  .   (no cloak)
rCorr    .         Harm     .   (no gloves)
MR       .....                  (no boots)
Stlth    +.........             (no amulet)
HPRegen  0.06/turn              (no ring)
MPRegen  0.08/turn              (no ring)

@: no status effects
A: small, mutation resistance 1
a: no special abilities


You were on level 1 of the Dungeon.
You were not hungry.

You visited 1 branch of the dungeon, and saw 1 of its levels.

You collected 43 gold pieces.

Inventory:

Hand Weapons
 a - a +0 hunting sling (weapon)
Missiles
 b - 67 stones (quivered)
 d - 20 sling bullets
Armour
 e - a +0 robe (worn)
Scrolls
 c - a scroll of remove curse {unknown}
 h - a scroll of amnesia {unknown}
Potions
 g - a potion of lignification {unknown}
 i - a potion of heal wounds {unknown}
Comestibles
 f - a ration


   Skills:
 + Level 1.0 Fighting
 - Level 3.6 Slings
 * Level 2.4 Dodging
 - Level 1.0 Spellcasting
 - Level 2.5 Hexes


You had 2 spell levels left.
You knew the following spells:

 Your Spells              Type           Power        Failure   Level  Hunger
a - Corona                Hex            #......      12%         1    ##.....

Your spell library contained the following spells:

 Spells                   Type           Power        Failure   Level  Hunger
 Slow                     Hex            #.......     17%         2    ###....
 Inner Flame              Hex/Fire       #.......     50%         3    ####...
 Portal Projectile        Hex/Tloc       #.....       50%         3    ####...
 Cause Fear               Hex            #.........   75%         4    #####..
 Leda's Liquefaction      Hex/Erth       #.........   88%         4    #####..


Dungeon Overview and Level Annotations

Branches:
Dungeon (1/15)

Altars:


Innate Abilities, Weirdness & Mutations

You are small and have problems with some larger weapons.
You are somewhat resistant to further mutation.


Message History

Aim: a gnoll, wielding a whip (moderately wounded)
You shoot a stone. The stone closely misses the gnoll.
The gnoll closely misses you.
Firing (i - inventory. (/) - cycle)
b - 69 stones (quivered)
Press: ? - help, Shift-Dir - straight line, f/p - gnoll
Aim: a gnoll, wielding a whip (moderately wounded)
You shoot a stone. The stone hits the gnoll.
The gnoll is severely wounded.
The gnoll hits you with a whip.
You are too injured to fight recklessly!
You are too injured to fight recklessly!
You are too injured to fight recklessly!
You are too injured to fight recklessly!
Firing (i - inventory. (/) - cycle)
b - 68 stones (quivered)
Press: ? - help, Shift-Dir - straight line, f/p - gnoll
Aim: a gnoll, wielding a whip (severely wounded)
You shoot a stone. The stone barely misses the gnoll.
The gnoll hits you with a whip!
Ouch! That really hurt!
You die...

(###.. ## (#... ##( ....
### #(( ... #.# .w#..#
###.### ((..# +..<..+
#g.# ######.#########@#
.............#...#
###.#####.####.#.#
##.#####.##.....###
#.........#.......######
######.########.##......#
+.....).....†...........#
######.######.#.#####...#
....##.##.# #)#.# #####


You could see a gnoll and a dart slug.

Vanquished Creatures
  A dart slug (D:1)
  A goblin (D:1)
  A hobgoblin (D:1)
  2 kobolds (D:1)
  A bat (D:1)
  A frilled lizard (D:1)
  2 rats (D:1)
9 creatures vanquished.

Notes
Turn   | Place    | Note
-------+----------+-------------------------------------------
     0 | D:1      | LLavrengius the Halfling Arcane Marksman began the quest for the Orb.
     0 | D:1      | Reached XP level 1. HP: 12/12 MP: 2/2
    68 | D:1      | Reached XP level 2. HP: 13/18 MP: 3/3
   230 | D:1      | Reached skill level 1 in Fighting
   241 | D:1      | Slain by a gnoll

Skill      XL: |  1  2 |
---------------+-------+-----
Fighting       | 1 |  1.0
Slings         | |  3.6
Dodging        | |  2.4
Spellcasting   | |  1.0
Hexes          | |  2.5

Action                   || total
-------------------------++-------
 Fire: Hunting sling     ||    39
Armor: Robe              ||     1
Dodge: Dodged            ||     9
